 Dungeon Crawl Stone Soup version 0.28-a0-384-g9e0c098162 (webtiles) character file.

Game seed: 4584463375369755927

7033 mathmaestro the Grappler (level 10, -3/110 HPs)
             Began as a Troll Monk on Sept 2, 2021.
             Slain by an eight-headed hydra (10 damage)
             ... on level 8 of the Dungeon.
             The game lasted 00:16:37 (7309 turns).

mathmaestro the Grappler (Troll Monk)               Turns: 7309, Time: 00:16:38

Health: -3/110     AC:  9    Str: 24    XL:     10   Next: 83%
Magic:  9/9        EV: 10    Int:  6    God:
Gold:   350        SH:  0    Dex: 12    Spells: 9/9 levels left

rFire   + . .      SeeInvis .   p - +2 dagger (vamp)
rCold   + . .      Faith    .   (no shield)
rNeg    . . .      Spirit   .   b - +2 robe {rC+ rF+}
rPois   +          Reflect  .   (helmet restricted)
rElec   .          Harm     .   v - +2 cloak
rCorr   +          Rampage  .   (gloves unavailable)
Will    .....                   (boots unavailable)
Stlth   ++........              (no amulet)
HPRegen 1.28/turn               c - ring of poison resistance
MPRegen 0.11/turn               u - ring of resist corrosion

@: no status effects
A: large, unfitting armour, claws 3, regeneration 1, shaggy fur 1, tough skin 1
a: no special abilities


You were on level 8 of the Dungeon.
You visited 2 branches of the dungeon, and saw 9 of its levels.
You also visited: Ossuary.

You collected 440 gold pieces.
You spent 90 gold pieces at shops.

Inventory:

Hand Weapons
 p - a +2 vampiric dagger (weapon)
Armour
 b - a +2 robe of resistance (worn)
 v - a +2 cloak (worn)
Jewellery
 c - a ring of poison resistance (left claw)
 u - a ring of resist corrosion (right claw)
Wands
 q - a wand of iceblast (6)
 s - a wand of polymorph (25)
Scrolls
 a - 3 scrolls of magic mapping
 e - 4 scrolls of teleportation
 g - 6 scrolls of immolation
 j - 3 scrolls of enchant weapon
 k - 2 scrolls of enchant armour
 r - a scroll of blinking
 w - a scroll of fog
 z - a scroll of fear
Potions
 d - a potion of ambrosia
 f - 4 potions of curing
 h - 4 potions of cancellation
 i - 4 potions of might
 l - 2 potions of lignification
 m - 2 potions of heal wounds
 n - a potion of haste
 o - 4 potions of brilliance
 t - a potion of mutation
 x - 3 potions of flight


   Skills:
 + Level 10.2 Fighting
 + Level 0.0 Throwing
 - Level 3.0 Dodging
 - Level 1.0 Stealth
 + Level 11.9 Unarmed Combat


You had 9 spell levels left.
You didn't know any spells.
Your spell library contained the following spells:

 Spells                   Type           Power      Damage    Failure   Level
 Blink                    Tloc           N/A        N/A       58%         2
 Static Discharge         Conj/Air       0%         N/A       58%         2
 Call Canine Familiar     Summ           0%         N/A       83%         3
 Dazzling Flash           Conj/Hex       0%         N/A       83%         3
 Portal Projectile        Hex/Tloc       0%         N/A       83%         3
 Iskenderun's Mystic Bla  Conj/Tloc      0%         2d3       99%         4
 Leda's Liquefaction      Hex/Erth       0%         N/A       99%         4
 Lightning Bolt           Conj/Air       0%         1d11      100%        5
 Manifold Assault         Tloc           0%         N/A       100%        5
 Starburst                Conj/Fire      0%         6d3       100%        6
 Storm Form               Tmut/Air       0%         N/A       100%        7
 Maxwell's Capacitive Co  Air            0%         ∞         100%        8


Dungeon Overview and Level Annotations

Branches:
Dungeon (8/15)             Temple (1/1) D:4         Ossuary (visited)
   Lair: D:8-11

Altars:
Dithmenos
Elyvilon
Fedhas
Gozag
Makhleb
Nemelex Xobeh
Okawaru
Qazlal
Sif Muna
Trog
Uskayaw
Vehumet
Wu Jian
Yredelemnul
Zin
The Shining One
Beogh

Shops:
D:4 *   D:6 *

Annotations:
D:7 3 runed translucent doors, Prince Ribbit; SkeletonJelly's ghost, novice PaCK


Innate Abilities, Weirdness & Mutations

You are too large for most types of armour.
You have claws for hands.
Your natural rate of healing is unusually fast.
You are covered in fur. (AC +1)
You have tough skin. (AC +1)


Message History

The eight-headed hydra misses you.
The eight-headed hydra bites you but does no damage.
The eight-headed hydra bites you! x2
The eight-headed hydra bites you but does no damage.
The eight-headed hydra bites you.
The eight-headed hydra bites you but does no damage.
The eight-headed hydra closely misses you.
The eight-headed hydra bites you!
The eight-headed hydra bites you but does no damage.
You hit the eight-headed hydra.
You feel better.
The eight-headed hydra is moderately wounded.
The eight-headed hydra barely misses you.
The eight-headed hydra bites you but does no damage. x2
The eight-headed hydra bites you! The eight-headed hydra misses you.
The eight-headed hydra bites you.
The eight-headed hydra barely misses you.
The eight-headed hydra closely misses you.
You hit the eight-headed hydra.
You feel better.
The eight-headed hydra is moderately wounded.
The eight-headed hydra bites you. The eight-headed hydra misses you.
The eight-headed hydra bites you.
* * * LOW HITPOINT WARNING * * *
The eight-headed hydra bites you!
* * * LOW HITPOINT WARNING * * *
The eight-headed hydra bites you!
* * * LOW HITPOINT WARNING * * *
The eight-headed hydra closely misses you.
The eight-headed hydra barely misses you.
The eight-headed hydra bites you but does no damage.
You hit the eight-headed hydra.
The eight-headed hydra is heavily wounded.
The eight-headed hydra bites you!
* * * LOW HITPOINT WARNING * * *
The eight-headed hydra barely misses you.
The eight-headed hydra bites you but does no damage.
The eight-headed hydra closely misses you.
The eight-headed hydra misses you.
The eight-headed hydra bites you but does no damage.
The eight-headed hydra bites you!
You die...

# #
########################
................@D.(.(..
.###########.###########
.## #.# ..# #.# #.## #.#
#..# #### #.##########
##.# #... .#.#........#
#.#
#.....#.#........####
#.#
#.....#.#...........#


You could see an eight-headed hydra.

Vanquished Creatures
  Pikel (D:7)
  A cyclops (D:8)
  3 ice devils (D:7)
  A troll (D:8)
  A shadow (D:7)
  Sigmund (D:3)
  6 yaks (D:8)
  Eustachio (D:5)
  A steam dragon (D:8)
  A water moccasin (D:7)
  An ice beast (D:5)
  2 sky beasts
  3 ogres
  A black bear (D:6)
  A necrophage (D:5)
  4 centaurs
  2 lemures (D:7)
  4 kobold brigands
  2 bullfrogs
  A gnoll sergeant (D:6)
  3 scorpions
  A water moccasin skeleton (D:6)
  13 wights
  4 howler monkeys
  3 centaur zombies
  3 hounds
  A human zombie (Ossuary)
  3 centaur skeletons
  Crazy Yiuf (D:5)
  Jessica (D:3)
  A scorpion zombie (D:5)
  Ijyb (D:3)
  5 orc wizards
  2 mummies (Ossuary)
  10 gnolls
  3 adders
  A shadow imp (D:5)
  8 white imps
  2 adder skeletons
  A worm (D:3)
  A dart slug (D:1)
  5 orcs
  5 ball pythons
  2 endoplasms
  A giant cockroach (D:2)
  3 gnoll zombies (Ossuary)
  3 hobgoblins
  3 jackals (D:1)
  54 kobolds
  A quokka (D:2)
  3 bats
  A frilled lizard (D:1)
  4 goblins
  A hobgoblin zombie (Ossuary)
  An orc zombie (Ossuary)
  A quokka zombie (D:5)
  2 rats (D:2)
  A rat zombie (D:5)
  A spectral orc (D:3)
198 creatures vanquished.

Vanquished Creatures (collateral kills)
  Edmund (D:5)
  An ogre (D:5)
  A wight (D:5)
  A howler monkey skeleton (D:5)
4 creatures vanquished.

Vanquished Creatures (others)
  Psyche (D:8)
  2 kobolds (D:8)
3 creatures vanquished.

Grand Total: 205 creatures vanquished

Notes
Turn   | Place    | Note
-------+----------+-------------------------------------------
     0 | D:1      | mathmaestro the Troll Monk began the quest for the Orb.
     0 | D:1      | Reached XP level 1. HP: 22/22 MP: 0/0
    50 | D:1      | Found a faded altar of an unknown god.
   265 | D:1      | Reached XP level 2. HP: 29/29 MP: 1/1
  1220 | D:2      | Reached XP level 3. HP: 29/36 MP: 2/2
  1418 | D:3      | Found an opulent altar of Gozag.
  1444 | D:3      | Noticed Jessica
  1455 | D:3      | Killed Jessica
  1537 | D:3      | Noticed Ijyb
  1544 | D:3      | Killed Ijyb
  1545 | D:3      | Reached XP level 4. HP: 40/45 MP: 3/3
  1595 | D:3      | Found a sparkling altar of Nemelex Xobeh.
  1734 | D:3      | Found a basalt altar of Yredelemnul.
  1880 | D:3      | Noticed Sigmund
  1888 | D:3      | Killed Sigmund
  1889 | D:3      | Reached skill level 4 in Unarmed Combat
  1889 | D:3      | Reached XP level 5. HP: 16/54 MP: 4/4
  2010 | D:4      | Found a shimmering blue altar of Sif Muna.
  2023 | D:4      | Reached XP level 6. HP: 52/62 MP: 5/5
  2043 | D:4      | Reached skill level 5 in Unarmed Combat
  2286 | D:4      | Found a staircase to the Ecumenical Temple.
  2295 | Temple   | Entered the Ecumenical Temple
  2800 | D:4      | Reached XP level 7. HP: 71/71 MP: 6/6
  2844 | D:4      | Reached skill level 5 in Fighting
  2844 | D:4      | Reached skill level 6 in Unarmed Combat
  3177 | D:4      | Found Ypniesyo's Lightly-Used Armoury.
  3499 | D:5      | Entered Level 5 of the Dungeon
  3693 | D:5      | Found a sand-covered staircase.
  3700 | Ossuary  | Entered an ossuary
  3746 | Ossuary  | Reached skill level 7 in Unarmed Combat
  3767 | Ossuary  | Reached XP level 8. HP: 67/83 MP: 7/7
  4062 | D:5      | Noticed Edmund
  4069 | D:5      | Reached skill level 8 in Unarmed Combat
  4089 | D:5      | Killed Edmund
  4333 | D:5      | Noticed Eustachio
  4354 | D:5      | Killed Eustachio
  4389 | D:5      | Found a glowing silver altar of Zin.
  4390 | D:5      | Found Zin's Purification Station.
  4407 | D:5      | Bought a potion of curing for 90 gold pieces
  4617 | D:5      | Reached XP level 9. HP: 78/93 MP: 8/8
  4747 | D:5      | Found a runed translucent door.
  4748 | D:5      | Noticed Crazy Yiuf
  4755 | D:5      | Killed Crazy Yiuf
  5172 | D:6      | Found Iyogur's Incredible Inventory.
  5195 | D:6      | Reached skill level 9 in Unarmed Combat
  5486 | D:6      | Found a hide-covered altar of Uskayaw.
  5486 | D:6      | Found a burning altar of Makhleb.
  5807 | D:7      | Noticed Pikel
  5903 | D:7      | Killed Pikel
  5904 | D:7      | Reached skill level 10 in Unarmed Combat
  5940 | D:7      | Noticed an ice devil
  5940 | D:7      | Noticed an ice devil
  5970 | D:7      | Killed an ice devil
  5977 | D:7      | Killed an ice devil
  5978 | D:7      | Reached XP level 10. HP: 38/107 MP: 9/9
  6094 | D:7      | Found the +8 frozen axe "Frostbite" {freezing cloud, *Noise
                  | Fly rC+}
  6317 | D:7      | Found a runed translucent gate.
  6318 | D:7      | Found a runed translucent gate.
  6319 | D:7      | Found a runed translucent gate.
  6321 | D:7      | Noticed SkeletonJelly's ghost (novice PaCK)
  6425 | D:7      | Noticed Prince Ribbit
  6637 | D:8      | Reached skill level 11 in Unarmed Combat
  6664 | D:8      | Identified the -4 cloak of Epsyb {+Blink}
  6779 | D:8      | Noticed a cyclops
  6789 | D:8      | Killed a cyclops
  6938 | D:8      | Noticed Psyche
  6957 | D:8      | Killed Psyche
  7010 | D:8      | Reached skill level 10 in Fighting
  7301 | D:8      | Noticed an eight-headed hydra
  7309 | D:8      | Slain by an eight-headed hydra

Illustrated notes

Levels and vault maps discovered:
D:1:      eino_arrival_water_star, layout_loops_corners,
          hellmonk_ecumenical_altar_blasted, minmay_box_of_dots
D:2:      layout_rooms, kennysheep_generic_room_5
D:3:      layout_basic, yredelemnul_forgotten_temple_becter,
          nemelex_spade_bored_becter, nicolae_gozag_seed_capital, uniq_ijyb,
          uniq_jessica, uniq_sigmund
D:4:      minmay_goblin_kobold_castle, layout_basic, kennysheep_orc_sif_temple,
          temple_green, minmay_shop_damaged
D:5:      layout_gridville, zin_purify, enter_ossuary_4,
          roderic_serpentine_path, uniq_edmund, uniq_crazy_yiuf_cottage,
          uniq_eustachio
D:6:      layout_basic, gammafunk_temple_overflow_statue,
          nicolae_alphabet_shops, minmay_misc_feat_tower,
          kennysheep_big_empty_room
D:7:      layout_loops_ring, biasface_ghost_orc_armoury,
          hellmonk_guarded_unrand_frostbite, uniq_prince_ribbit1, uniq_pikel
D:8:      layout_basic, general_overflow_altar, uniq_psyche
Temple:   nicolae_temple_figure_zero

Skill      XL: |  1  2  3  4  5  6  7  8  9 10 |
---------------+-------------------------------+-----
Fighting       | 3 4 5 7 9 10 | 10.2
Dodging        | 3 |  3.0
Unarmed Combat | 4 5 7 8 10 11 | 11.9
Stealth        | |  1.0

Action                   |  1- 3 |  4- 6 |  7- 9 | 10-12 || total
-------------------------+-------+-------+-------+-------++-------
Melee: Unarmed           |    73 |   112 |   282 |   130 ||   597
       Punch             |     1 |     1 |    10 |     6 ||    18
       Dagger            |       |       |       |     3 ||     3
Throw: Large rock        |       |       |       |     3 ||     3
Evoke: Wand              |       |       |     5 |     4 ||     9
  Use: Scroll            |     3 |     6 |    13 |       ||    22
       Potion            |       |     2 |     7 |       ||     9
 Stab: Sleeping          |     1 |       |     3 |       ||     4
       Distracted        |     1 |       |       |       ||     1
Armor: Robe              |    20 |    59 |   102 |    57 ||   238
Dodge: Dodged            |    40 |    56 |   126 |    61 ||   283

Table legend: (Time is in decaauts)
 A = Elapsed time spent in this place.
 B = Non-inter-level travel time spent in this place.
 C = Inter-level travel time spent in this place.
 D = Time resting spent in this place.
 E = Time spent auto-exploring this place.
 F = Levels seen in this place.
 G = Mean time per level.
                   A        B        C        D        E       F      G
               +--------+--------+--------+--------+--------+-----+--------+
         Total |   7223 |   6934 |    289 |    317 |   5014 |  10 |  722.3 |
       Dungeon |   6844 |   6564 |    280 |    317 |   4781 |   8 |  855.5 |
        Temple |    123 |    114 |      9 |      0 |    112 |   1 |  123.0 |
       Ossuary |    255 |    255 |      0 |      0 |    121 |   1 |  255.0 |
               +--------+--------+--------+--------+--------+-----+--------+

Top non-repeatable levels by time:
     D:4: 1426 daAuts
     D:5: 1088 daAuts
     D:1: 894 daAuts
     D:7: 879 daAuts
     D:8: 764 daAuts
     D:6: 697 daAuts
     D:3: 673 daAuts
     D:2: 420 daAuts
 Ossuary: 255 daAuts
  Temple: 123 daAuts
